 Dungeon Crawl Stone Soup version 0.29-a0-520-gc852659d43 (webtiles) character file.

Game seed: 10701421938657754978

249918 Ijustatesigmund the Gnoll Aeon (level 19, -15/149 HPs)
             Began as a Gnoll Fire Elementalist on May 30, 2022.
             Was the Champion of Cheibriados.
             Demolished by a vault warden
             ... wielding a +1 glaive
              (43 damage)
             ... on level 2 of the Vaults on May 31, 2022.
             The game lasted 02:35:25 (49549 turns).

Ijustatesigmund the Gnoll Aeon (GnFE)              Turns: 49549, Time: 02:35:25

Health: -15/149    AC: 24    Str: 26    XL:     19   Next: 61%
Magic:  20/37      EV: 24    Int: 41    God:    Cheibriados [******]
Gold:   2601       SH: 15    Dex: 30    Spells: 21/46 levels left

rFire   + + .      SeeInvis .   B - +9 staff of Olgreb {rPois∞}
rCold   x . .      Faith    .   s - +2 buckler {AC+3}
rNeg    + . .      Spirit   .   d - +0 fire dragon scales
rPois   ∞          Reflect  .   w - +2 helmet
rElec   .          Harm     .   b - scarf {repulsion}
rCorr   .          Rampage  .   e - +2 pair of gloves "Edoc" {Str+4}
Will    +....                   Y - +0 pair of boots
Stlth   ++++++....              o - amulet of the acrobat
HPRegen 0.34/turn               z - ring of positive energy
MPRegen 0.25/turn               y - ring "Roishiff" {Wiz Drain Fly rPois Int+3}

@: marked, flying, very slightly contaminated, studying Invocations, repel
missiles, very slow
A: fangs 1, strong nose, distributed training, large bone plates 1, thin
skeletal structure 1
}: 2/15 runes: barnacled, gossamer
a: Renounce Religion, Evoke the Staff of Olgreb, Bend Time, Temporal Distortion,
Slouch, Step From Time


You were on level 2 of the Vaults.
You worshipped Cheibriados.
Cheibriados was exalted by your worship.
You visited 8 branches of the dungeon, and saw 35 of its levels.
You also visited: Ossuary.

You collected 6225 gold pieces.
You spent 3624 gold pieces at shops.

Inventory:

Hand Weapons
 a - the +5 rapier "Xuawiaf" {elec, rElec Will+ Int+2}
   (You found it on level 5 of the Dungeon)

   It occasionally discharges a powerful burst of electricity upon striking a
   foe.
   Int:       It affects your intelligence (+2).
   rElec:     It insulates you from electricity.
   Will:      It increases your willpower.
 B - the +9 staff of Olgreb (weapon) {rPois∞}
   (You acquired it in an ossuary)

   If the wielder is skilled in Evocations, they can envenom those struck by it,
   dealing poison damage which bypasses armour.
   It enhances your poison magic.
   It grants immunity to poison.
   It can be activated via the 'a'bility menu to radiate toxic energy, with
   effectiveness depending on Evocations skill.
 X - the +3 Elemental Staff {rElec rF++ rC++ AC+5}
   (You bought it in a shop on level 14 of the Dungeon)

   If the wielder is skilled in Evocations, they can discharge powerful blasts
   of elemental energy when striking with it.
   It enhances your fire, ice, earth and air magic.
   AC:        It affects your AC (+5).
   rF:        It greatly protects you from fire.
   rC:        It greatly protects you from cold.
   rElec:     It insulates you from electricity.
Armour
 b - a scarf of repulsion (worn)
 d - +0 fire dragon scales (worn)
 e - the +2 pair of gloves "Edoc" (worn) {Str+4}
   (You found it on level 3 of the Spider Nest)

   Str:       It affects your strength (+4).
 s - a +2 buckler of protection (worn)
 v - the +1 leather armour "Xarit" {Int+4}
   (You found it on level 6 of the Dungeon)

   Int:       It affects your intelligence (+4).
 w - a +2 helmet (worn)
 Y - a +0 pair of boots (worn)
Jewellery
 o - an amulet of the acrobat (around neck)
 q - a ring of positive energy
 y - the ring "Roishiff" (right hand) {Wiz Drain Fly rPois Int+3}
   (You found it on level 4 of the Shoals)

   [ring of wizardry]

   It improves your spell success rate.
   Int:       It affects your intelligence (+3).
   rPois:     It protects you from poison.
   Fly:       It grants you flight.
   Drain:     It drains your maximum health when unequipped.
 z - a ring of positive energy (left hand)
 R - a ring of positive energy
 V - a ring of fire
Wands
 k - a wand of digging (4)
 n - a wand of mindburst (7)
 G - a wand of iceblast (18)
 H - a wand of acid (4)
 J - a wand of polymorph (9)
 P - a wand of paralysis (3)
 Q - a wand of flame (16)
 T - a wand of charming (11)
Scrolls
 j - 2 scrolls of enchant armour
 l - 9 scrolls of enchant weapon
 p - 9 scrolls of teleportation
 u - 7 scrolls of fog
 x - 2 scrolls of torment
 A - 3 scrolls of fear
 D - 6 scrolls of amnesia
 E - a scroll of magic mapping
 M - 2 scrolls of immolation
 N - a scroll of silence
 O - 6 scrolls of blinking
 S - a scroll of poison
 Z - 2 scrolls of brand weapon
Potions
 c - 4 potions of cancellation
 f - 3 potions of invisibility
 g - 9 potions of attraction
 h - 6 potions of brilliance
 i - 7 potions of lignification
 m - 14 potions of curing
 t - 9 potions of haste
 C - 2 potions of mutation
 F - 5 potions of flight
 I - 7 potions of heal wounds
 K - 5 potions of magic
 L - 5 potions of might
 U - a potion of resistance
 W - 14 potions of ambrosia
Miscellaneous
 r - a condenser vane


   Skills:
 + Level 13.2 Fighting
 + Level 13.2 Short Blades
 + Level 13.2 Long Blades
 + Level 13.2 Axes
 + Level 13.2 Maces & Flails
 + Level 13.2 Polearms
 + Level 13.2 Staves
 + Level 13.2 Slings
 + Level 13.2 Bows
 + Level 13.2 Crossbows
 + Level 13.2 Throwing
 + Level 13.2 Armour
 + Level 13.9 Dodging
 + Level 13.8 Stealth
 + Level 13.2 Shields
 + Level 13.2 Unarmed Combat
 + Level 14.0 Spellcasting
 + Level 11.4 Conjurations
 + Level 11.2 Hexes
 + Level 11.2 Summonings
 + Level 11.2 Necromancy
 + Level 11.2 Translocations
 + Level 11.2 Transmutations
 + Level 12.4 Fire Magic
 + Level 11.2 Ice Magic
 + Level 11.2 Air Magic
 + Level 11.2 Earth Magic
 + Level 11.2 Poison Magic
 + Level 18.5 Invocations
 + Level 13.2 Evocations


You had 21 spell levels left.
You knew the following spells:

 Your Spells              Type           Power      Damage    Failure   Level
a - Foxfire               Conj/Fire      100%       2x1d9     0%          1
b - Scorch                Fire           100%       2d10      1%          2
c - Flame Wave            Conj/Fire      91%        2d15      1%          4
d - Stone Arrow           Conj/Erth      100%       3d13      1%          3
e - Passwall              Tmut/Erth      73%        N/A       1%          2
f - Irradiate             Conj/Tmut      44%        3d28      1%          5
g - Iron Shot             Conj/Erth      44%        9d9       1%          6
h - Blink                 Tloc           100%       N/A       1%          2

Your spell library contained the following spells:

 Spells                   Type           Power      Damage    Failure   Level
 Magic Dart               Conj           100%       1d8       1%          1
 Sandblast                Erth           100%       2d20      1%          1
 Shock                    Conj/Air       100%       1d9       1%          1
 Ensorcelled Hibernation  Hex/Ice        100%       N/A       1%          2
 Searing Ray              Conj           100%       2d8       1%          2
 Sublimation of Blood     Necr           88%        N/A       1%          2
 Call Canine Familiar     Summ           88%        N/A       1%          3
 Conjure Flame            Conj/Fire      91%        6-21      1%          3
 Frozen Ramparts          Ice            100%       1d12      1%          3
 Inner Flame              Hex/Fire       90%        N/A       1%          3
 Portal Projectile        Hex/Tloc       100%       N/A       1%          3
 Spider Form              Tmut/Pois      100%       N/A       1%          3
 Swiftness                Air            88%        N/A       1%          3
 Airstrike                Air            44%        N/A       1%          4
 Anguish                  Hex/Necr       44%        N/A       1%          4
 Animate Armour           Summ/Erth      100%       N/A       1%          4
 Fulminant Prism          Conj/Hex       44%        3d20      1%          4
 Ice Form                 Ice/Tmut       88%        N/A       1%          4
 Iskenderun's Mystic Bla  Conj/Tloc      89%        2d17      1%          4
 Leda's Liquefaction      Hex/Erth       44%        N/A       1%          4
 Olgreb's Toxic Radiance  Pois           100%       N/A       1%          4
 Petrify                  Tmut/Erth      88%        N/A       1%          4
 Summon Ice Beast         Ice/Summ       88%        N/A       1%          4
 Blade Hands              Tmut           44%        N/A       1%          5
 Iskenderun's Battlesphe  Conj           89%        2d14      1%          5
 Lee's Rapid Deconstruct  Erth           44%        3d22*     1%          5
 Manifold Assault         Tloc           88%        N/A       1%          5
 Statue Form              Tmut/Erth      58%        N/A       1%          6
 Enfeeble                 Hex            44%        N/A       9%          7
 Ozocubu's Refrigeration  Ice            44%        4d13      9%          7
 Spellforged Servitor     Conj/Summ      44%        N/A       9%          7
 Storm Form               Tmut/Air       44%        N/A       9%          7
 Ignition                 Fire           46%        3d13      38%         8
 Lehudib's Crystal Spear  Conj/Erth      44%        10d11     52%         8


Dungeon Overview and Level Annotations

Branches:
Dungeon (15/15)            Temple (1/1) D:6            Lair (6/6) D:11
 Shoals (4/4) Lair:4       Spider (4/4) Lair:2        Slime (0/5) Lair:5
    Orc (2/2) D:9             Elf (0/3) Orc:2        Vaults (2/5) D:14
 Depths (1/4) D:15        Ossuary (visited)
  Crypt: Vaults:2-3

Altars:
Ashenzari
Cheibriados
Dithmenos
Fedhas
Gozag
Kikubaaqudgha
Makhleb
Nemelex Xobeh
Qazlal
Ru
Sif Muna
Uskayaw
Vehumet
Xom
Yredelemnul
Zin
The Shining One
Beogh
Jiyva

Shops:
D:7 *   D:14 ((*!   Orc:1 ?*[   Orc:2 =!****   Shoals:3 *

Portals:
Trove: D:13 (give 7 scrolls of blinking)

Annotations:
D:7 exclusion: statue
D:10 1 runed translucent door
D:14 1 runed translucent door, Wopsaluy's ghost, journeyman GrFi
Lair:2 1 runed translucent door, atomjack2's ghost, adept VSMo
Lair:5 1 runed translucent door


Innate Abilities, Weirdness & Mutations

You have very sharp teeth.
Your uncanny sense of smell can sniff out nearby items.
Your experience applies equally to all skills.
You are partially covered in large bone plates. (SH +4)
You have a somewhat thin skeletal structure. (Dex +2, Stealth+)


Message History

Unknown command.
You hit the wizard.
You envenom the wizard!
The wizard is poisoned.
The wizard is severely wounded.
The red ugly thing barely misses you.
You hit the wizard.
You envenom the wizard.
The wizard looks even sicker.
The wizard is almost dead.
The wizard gestures wildly while chanting.
The wizard blinks!
The vault guard hits you with a +0 long sword!
You block the ironbound convoker's attack.
You block the vault warden's attack.
The red ugly thing basks in the mutagenic energy from its kin and changes!
Activating: Slouch (0% risk of failure)
Press: ? - help, Dir - look around, f - activate You can feel time thicken for a moment.
You kill the wizard!
Cheibriados appreciates the change of pace.
The green ugly thing misses you. You block the vault guard's attack.
The ironbound convoker casts a spell at the vault warden.
The vault warden seems to grow stronger.
You block the vault warden's attack.
You closely miss the ironbound convoker.
You bite the ironbound convoker.
The ironbound convoker is almost dead.
The green ugly thing misses you.
The vault guard hits you but does no damage.
The ironbound convoker points at the vault guard and mumbles some strange words.
The vault guard seems to grow stronger.
The vault warden hits you from afar with a +1 glaive!!
* * * LOW HITPOINT WARNING * * *
You feel much better.
You block the green ugly thing's attack.
The green ugly thing punches you.
* * * LOW HITPOINT WARNING * * *
The vault guard hits you with a +0 long sword!
* * * LOW HITPOINT WARNING * * *
The ironbound convoker points at the green ugly thing and mumbles some strange words.
The green ugly thing seems to grow stronger.
The vault warden hits you from afar with a +1 glaive!!!
You die...

#......#
#......#
#......#
#......#
#......# ..
#...../# .
#+##......# .#
......u@p.# .#
#####.u)p.#..#
#....p#..#
#.....+..#
#.....#..#
#..)..#..#
#.....# ...
#.....# ...
###.....# ###


You could see a vault warden (strong), a vault guard (strong), 2 ugly things and
an ironbound convoker (strong).

Vanquished Creatures
  Zenata (Vaults:1)
  A kraken (Shoals:3)
  Agnes (D:15)
  Gastronok (D:8)
  Frances (Shoals:1)
  Donald (Vaults:1)
  5 emperor scorpions
  An orc warlord (D:9)
  2 ghost moths
  2 vault wardens (Vaults:1)
  5 ironbound preservers (Vaults:1)
  A broodmother (Spider:4)
  4 very ugly things
  A stone giant (Vaults:1)
  An ironbound thunderhulk (Vaults:1)
  Azrael (Spider:3)
  12 dire elephants
  3 entropy weavers
  5 spark wasps
  2 merfolk javelineers (Shoals:4)
  2 fire dragons (D:15)
  Josephine (Lair:6)
  9 merfolk impalers
  A yaktaur captain (Vaults:1)
  4 jorogumos
  A rakshasa (D:14)
  A vault guard (D:14)
  8 boulder beetles
  An ice dragon (D:15)
  3 ogre magi
  3 great orbs of eyes
  8 hydras
  3 radroaches
  5 catoblepae
  An alligator snapping turtle (Shoals:4)
  7 centaur warriors
  2 ironbound frosthearts (Vaults:1)
  2 satyrs
  15 two-headed ogres
  14 death yaks
  A merfolk aquamancer (Shoals:4)
  7 death scarabs (Spider:4)
  2 deep troll shamans (D:15)
  2 tengu warriors (D:14)
  An orc high priest (Orc:1)
  2 iron trolls
  A sun moth (Spider:2)
  10 steelbarb worms
  4 pharaoh ants
  A deep troll (shapeshifter) (Vaults:1)
  A spectral jorogumo (Spider:4)
  15 sea snakes
  3 spectral wolf spiders (Spider:4)
  5 orb spiders
  10 deep trolls (Vaults:1)
  Pikel (D:6)
  14 harpies
  A wizard (Vaults:2)
  3 orc knights (Orc:2)
  3 deep elf pyromancers
  A wolf spider zombie (Spider:4)
  5 ironbound convokers
  4 lindwurms (Vaults:1)
  17 wolf spiders
  2 orc sorcerers (Orc:2)
  3 cyclopes
  12 fauns
  A broodmother zombie (Spider:4)
  2 oklob plants (Lair:4)
  7 ugly things
  2 moths of wrath (Spider:4)
  7 elephants (Lair:6)
  20 manticores
  7 black mambas
  2 torpor snails
  4 merfolk sirens
  4 water nymphs
  9 vault sentinels
  3 gargoyles (D:11)
  12 cane toads
  3 yaktaurs (Vaults:1)
  2 spectral redbacks (Spider:4)
  10 demonic crawlers
  A redback zombie (Spider:4)
  A komodo dragon (shapeshifter) (D:15)
  A freezing wraith (Vaults:1)
  2 kobold demonologists
  An efreet (D:14)
  9 komodo dragons
  6 meliai
  6 trolls
  24 merfolk
  7 wind drakes
  A queen bee (Orc:1)
  4 spectral jumping spiders (Spider:4)
  A wind drake (shapeshifter) (D:14)
  15 blink frogs
  A tarantella zombie (Spider:4)
  31 tarantellas
  4 snapping turtles
  A spectral tarantella (Spider:4)
  12 slime creatures
  21 jumping spiders
  8 dream sheep
  21 culicivoras
  Eustachio (D:6)
  2 vampires
  4 wyverns
  A shadow (D:10)
  5 water elementals
  5 basilisks
  71 yaks
  9 wraiths
  2 fire elementals (Spider:3)
  Menkaure (D:6)
  3 steam dragons
  29 redbacks
  8 vampire mosquitoes
  2 wargs
  17 water moccasins
  6 hell hounds (Spider:3)
  42 orc warriors
  An ice beast (D:8)
  A sky beast (D:6)
  3 black bears
  13 wolves
  14 ogres
  19 centaurs
  3 phantoms
  4 kobold brigands
  2 necrophages
  16 bullfrogs
  5 gnoll sergeants
  8 scorpions
  12 wights
  19 killer bees
  An electric eel (Lair:1)
  4 howler monkeys
  5 hounds
  17 orc priests
  A gnoll shaman (D:9)
  Crazy Yiuf (D:2)
  Jessica (D:2)
  4 iguanas
  16 orc wizards
  5 hell rats (Lair:5)
  3 mummies (Ossuary)
  A howler monkey zombie (D:2)
  26 gnolls
  6 adders
  A white imp (D:5)
  An ufetubus (D:5)
  An adder zombie (D:2)
  An adder skeleton (D:2)
  2 worms (Lair:2)
  4 dart slugs
  76 orcs
  7 bats
  A bat skeleton (D:2)
  6 endoplasms
  5 giant cockroaches
  10 goblins
  12 hobgoblins
  3 jackals (D:1)
  3 quokkas
  7 ball pythons
  A ball python skeleton (D:2)
  A ball python zombie (D:2)
  5 frilled lizards
  A giant cockroach zombie (D:2)
  A goblin zombie (Ossuary)
  3 hobgoblin zombies (Ossuary)
  10 kobolds
  4 kobold zombies (Ossuary)
  A quokka skeleton (D:2)
  A quokka zombie (D:2)
  6 rats
  A butterfly (Lair:2)
  2 tentacles (Shoals:3)
1142 creatures vanquished.

Vanquished Creatures (collateral kills)
  3 yaks (Lair:1)
3 creatures vanquished.

Vanquished Creatures (others)
  An orc (D:7)
  421 foxfires
  91 fungi
  131 plants
  13 tentacles (Shoals:3)
  A withered plant (D:2)
658 creatures vanquished.

Grand Total: 1803 creatures vanquished

Notes
Turn   | Place    | Note
-------+----------+-------------------------------------------
     0 | D:1      | Ijustatesigmund the Gnoll Fire Elementalist began the quest
                  | for the Orb.
     0 | D:1      | Reached XP level 1. HP: 13/13 MP: 6/6
   162 | D:1      | Reached XP level 2. HP: 19/19 MP: 2/7
   290 | D:1      | Found a faded altar of an unknown god.
   826 | D:1      | Reached XP level 3. HP: 25/25 MP: 7/9
   839 | D:1      | Reached skill level 5 in Spellcasting
  1464 | D:2      | Reached skill level 1 in Invocations
  1542 | D:2      | Learned a level 2 spell: Scorch
  1579 | D:2      | Reached skill level 1 in Fighting
  1579 | D:2      | Reached skill level 1 in Short Blades
  1579 | D:2      | Reached skill level 1 in Long Blades
  1579 | D:2      | Reached skill level 1 in Axes
  1579 | D:2      | Reached skill level 1 in Maces & Flails
  1579 | D:2      | Reached skill level 1 in Polearms
  1579 | D:2      | Reached skill level 1 in Staves
  1579 | D:2      | Reached skill level 1 in Slings
  1579 | D:2      | Reached skill level 1 in Bows
  1579 | D:2      | Reached skill level 1 in Crossbows
  1579 | D:2      | Reached skill level 1 in Throwing
  1579 | D:2      | Reached skill level 1 in Armour
  1579 | D:2      | Reached skill level 1 in Shields
  1579 | D:2      | Reached skill level 1 in Unarmed Combat
  1579 | D:2      | Reached skill level 1 in Evocations
  1695 | D:2      | Reached XP level 4. HP: 32/32 MP: 11/11
  1984 | D:2      | Noticed Jessica
  1990 | D:2      | Killed Jessica
  1991 | D:2      | Reached skill level 1 in Hexes
  1991 | D:2      | Reached skill level 1 in Summonings
  1991 | D:2      | Reached skill level 1 in Necromancy
  1991 | D:2      | Reached skill level 1 in Translocations
  1991 | D:2      | Reached skill level 1 in Transmutations
  1991 | D:2      | Reached skill level 1 in Ice Magic
  1991 | D:2      | Reached skill level 1 in Air Magic
  1991 | D:2      | Reached skill level 1 in Earth Magic
  1991 | D:2      | Reached skill level 1 in Poison Magic
  2462 | D:2      | Found a runed translucent door.
  2581 | D:3      | Identified a scroll of acquirement
  2581 | D:3      | Acquired 902 gold pieces
  2888 | D:3      | Reached XP level 5. HP: 37/37 MP: 10/12
  3547 | D:3      | Found a hide-covered altar of Uskayaw.
  3547 | D:3      | Found a basalt altar of Yredelemnul.
  3789 | D:3      | Identified the +0 leather armour of Shielding {Will+ Str+3}
  4257 | D:4      | Reached XP level 6. HP: 44/44 MP: 8/13
  4264 | D:4      | Reached skill level 2 in Invocations
  4415 | D:4      | Reached skill level 5 in Dodging
  4999 | D:4      | Learned a level 4 spell: Flame Wave
  5124 | D:4      | Reached XP level 7. HP: 50/50 MP: 6/15
  5540 | D:5      | Entered Level 5 of the Dungeon
  5782 | D:2      | Noticed Crazy Yiuf
  5790 | D:2      | Killed Crazy Yiuf
  5791 | D:2      | Reached skill level 5 in Stealth
  6137 | D:4      | Reached skill level 3 in Invocations
  6351 | D:5      | Reached XP level 8. HP: 57/57 MP: 4/16
  6896 | D:5      | Learned a level 3 spell: Stone Arrow
  7019 | D:5      | Identified the +5 rapier "Xuawiaf" {elec, rElec Will+
                  | Int+2}
  7179 | D:6      | Noticed Eustachio
  7187 | D:6      | Killed Eustachio
  7281 | D:6      | Identified the +1 leather armour "Xarit" {Int+4}
  7341 | D:6      | Reached skill level 4 in Invocations
  7437 | D:6      | Found a staircase to the Ecumenical Temple.
  7471 | D:6      | Reached XP level 9. HP: 65/65 MP: 18/18
  7503 | Temple   | Entered the Ecumenical Temple
  7508 | Temple   | Became a worshipper of Cheibriados the Contemplative
  7518 | D:6      | Noticed Menkaure
  7524 | D:6      | Killed Menkaure
  7709 | D:6      | Noticed Pikel
  7726 | D:6      | Killed Pikel
  8011 | D:7      | Found a shimmering altar of Xom.
  8324 | D:7      | Reached skill level 5 in Invocations
  8924 | D:7      | Found a radiant altar of Vehumet.
  8936 | D:7      | Reached * piety under Cheibriados
  9040 | D:7      | Found Vauvvor's General Store.
  9560 | D:8      | Reached XP level 10. HP: 73/73 MP: 13/20
  9742 | D:8      | Found a sand-covered staircase.
  9743 | D:8      | Noticed Gastronok
  9773 | Ossuary  | Entered an ossuary
 10239 | Ossuary  | Acquired the +9 staff of Olgreb {rPois∞}
 10239 | Ossuary  | Found the +9 staff of Olgreb {rPois∞}
 10254 | Ossuary  | Reached skill level 5 in Fighting
 10254 | Ossuary  | Reached skill level 5 in Short Blades
 10254 | Ossuary  | Reached skill level 5 in Long Blades
 10254 | Ossuary  | Reached skill level 5 in Axes
 10254 | Ossuary  | Reached skill level 5 in Maces & Flails
 10254 | Ossuary  | Reached skill level 5 in Polearms
 10254 | Ossuary  | Reached skill level 5 in Staves
 10254 | Ossuary  | Reached skill level 5 in Slings
 10254 | Ossuary  | Reached skill level 5 in Bows
 10254 | Ossuary  | Reached skill level 5 in Crossbows
 10254 | Ossuary  | Reached skill level 5 in Throwing
 10254 | Ossuary  | Reached skill level 5 in Armour
 10254 | Ossuary  | Reached skill level 5 in Shields
 10254 | Ossuary  | Reached skill level 5 in Unarmed Combat
 10254 | Ossuary  | Reached skill level 5 in Evocations
 10377 | D:8      | Killed Gastronok
 10460 | D:8      | Reached skill level 5 in Conjurations
 10686 | D:8      | Found a glowing silver altar of Zin.
 10782 | D:8      | Noticed a gargoyle
 10782 | D:8      | Noticed a two-headed ogre
 11060 | D:9      | Noticed a two-headed ogre
 11063 | D:9      | Found a staircase to the Orcish Mines.
 11066 | D:9      | Killed a two-headed ogre
 11066 | D:9      | Reached ** piety under Cheibriados
 11067 | D:9      | Reached skill level 6 in Invocations
 11220 | D:9      | Learned a level 2 spell: Passwall
 11583 | D:9      | Noticed a three-headed hydra
 11592 | D:9      | Killed a three-headed hydra
 11593 | D:9      | Reached XP level 11. HP: 59/81 MP: 22/22
 12121 | D:9      | Reached skill level 5 in Hexes
 12121 | D:9      | Reached skill level 5 in Summonings
 12121 | D:9      | Reached skill level 5 in Necromancy
 12121 | D:9      | Reached skill level 5 in Translocations
 12121 | D:9      | Reached skill level 5 in Transmutations
 12121 | D:9      | Reached skill level 5 in Ice Magic
 12121 | D:9      | Reached skill level 5 in Air Magic
 12121 | D:9      | Reached skill level 5 in Earth Magic
 12121 | D:9      | Reached skill level 5 in Poison Magic
 12124 | D:9      | Reached *** piety under Cheibriados
 13005 | D:10     | Entered Level 10 of the Dungeon
 13012 | D:10     | Reached skill level 7 in Invocations
 13122 | D:10     | Noticed a two-headed ogre
 13133 | D:10     | Killed a two-headed ogre
 13267 | D:8      | Found a shimmering blue altar of Sif Muna.
 13335 | D:8      | Killed a two-headed ogre
 13660 | D:8      | Noticed a two-headed ogre
 13665 | D:8      | Killed a two-headed ogre
 13827 | D:10     | Found a runed translucent door.
 13828 | D:10     | Found a burning altar of Makhleb.
 13828 | D:10     | Noticed a sixfirhy
 13928 | D:10     | Reached **** piety under Cheibriados
 14187 | D:10     | Found a broken altar of Ashenzari.
 14191 | D:10     | Saw a vision of the Shoals and the Spider Nest.
 14191 | D:10     | Noticed a wolf spider
 14191 | D:10     | Noticed a wolf spider
 14410 | D:10     | Found a shadowy altar of Dithmenos.
 14455 | D:11     | Reached XP level 12. HP: 89/89 MP: 20/24
 14639 | D:11     | Reached skill level 8 in Invocations
 14950 | D:11     | Found a staircase to the Lair.
 15535 | D:11     | Noticed a five-headed hydra
 15544 | D:11     | Killed a five-headed hydra
 16308 | D:12     | Reached ***** piety under Cheibriados
 16563 | D:12     | Noticed a boulder beetle
 16578 | D:12     | Killed a boulder beetle
 16579 | D:12     | Reached skill level 9 in Invocations
 16669 | D:13     | Noticed a catoblepas
 16787 | D:13     | Noticed a six-headed hydra
 16886 | D:13     | Found a portal to a secret trove of treasure.
 16994 | D:13     | Noticed a seven-headed hydra
 16995 | D:13     | Noticed an ogre mage
 16997 | D:13     | Killed a six-headed hydra
 16997 | D:13     | Noticed a two-headed ogre
 17301 | D:13     | Noticed a centaur warrior
 17555 | Lair:1   | Entered Level 1 of the Lair of Beasts
 18230 | Lair:1   | Reached XP level 13. HP: 96/98 MP: 26/26
 18292 | Lair:1   | Identified the +5 hand axe of the Purse {freeze, +Blink
                  | rPois Int+3 Dex-5}
 18703 | Lair:2   | Reached skill level 10 in Invocations
 19255 | Lair:2   | Found a hole to the Spider Nest.
 20037 | Lair:2   | Found a runed translucent door.
 20038 | Lair:2   | Noticed atomjack2's ghost (adept VSMo)
 21028 | Lair:3   | Reached ****** piety under Cheibriados
 21054 | Lair:3   | Reached skill level 11 in Invocations
 21178 | Lair:3   | Reached skill level 10 in Spellcasting
 22760 | Lair:4   | Reached skill level 10 in Dodging
 22797 | Lair:4   | Reached XP level 14. HP: 106/106 MP: 28/28
 22807 | Lair:4   | You fall into a shaft and drop 1 floor!
 22941 | Lair:4   | Found a staircase to the Shoals.
 23805 | Lair:5   | Learned a level 5 spell: Irradiate
 23873 | Lair:5   | Reached skill level 10 in Stealth
 24089 | Lair:5   | Found a runed translucent door.
 24118 | Lair:5   | Reached skill level 12 in Invocations
 24218 | Lair:5   | Found a viscous altar of Jiyva.
 24218 | Lair:5   | Noticed an azure jelly
 24218 | Lair:5   | Noticed an azure jelly
 24219 | Lair:5   | Noticed an azure jelly
 24220 | Lair:5   | Found a staircase to the Slime Pits.
 24743 | Lair:6   | Entered Level 6 of the Lair of Beasts
 25721 | Lair:6   | Noticed Josephine
 25740 | Lair:6   | Killed Josephine
 26444 | Lair:6   | Reached skill level 13 in Invocations
 26444 | Lair:6   | Reached XP level 15. HP: 111/115 MP: 21/29
 27437 | D:13     | Reached skill level 10 in Fire Magic
 27631 | D:14     | Found Mups's Antique Weapon Boutique.
 27861 | D:14     | Found Xoili's Assorted Antiques.
 27868 | D:14     | Bought a wand of iceblast (4) for 80 gold pieces
 27868 | D:14     | Bought a glowing pearl ring for 100 gold pieces
 27868 | D:14     | Bought a scroll of teleportation for 60 gold pieces
 27868 | D:14     | Bought a potion of brilliance for 80 gold pieces
 27868 | D:14     | Bought a wand of mindburst (5) for 80 gold pieces
 28060 | D:14     | Reached skill level 10 in Fighting
 28060 | D:14     | Reached skill level 10 in Short Blades
 28060 | D:14     | Reached skill level 10 in Long Blades
 28060 | D:14     | Reached skill level 10 in Axes
 28060 | D:14     | Reached skill level 10 in Maces & Flails
 28060 | D:14     | Reached skill level 10 in Polearms
 28060 | D:14     | Reached skill level 10 in Staves
 28060 | D:14     | Reached skill level 10 in Slings
 28060 | D:14     | Reached skill level 10 in Bows
 28060 | D:14     | Reached skill level 10 in Crossbows
 28060 | D:14     | Reached skill level 10 in Throwing
 28060 | D:14     | Reached skill level 10 in Armour
 28060 | D:14     | Reached skill level 10 in Shields
 28060 | D:14     | Reached skill level 10 in Unarmed Combat
 28060 | D:14     | Reached skill level 10 in Evocations
 28146 | D:14     | Found a runed translucent door.
 28146 | D:14     | Noticed Wopsaluy's ghost (journeyman GrFi)
 28327 | D:14     | Found a gate to the Vaults.
 28629 | D:14     | Found Fekh's Distillery.
 28651 | D:14     | Bought a potion of resistance for 160 gold pieces
 28798 | D:14     | Found Zetor's Antique Weapon Boutique.
 28885 | D:15     | Entered Level 15 of the Dungeon
 28901 | D:15     | Noticed Agnes
 28910 | D:15     | Killed Agnes
 29476 | D:15     | Reached skill level 14 in Invocations
 29821 | D:15     | Found a broken altar of Ashenzari.
 30408 | D:15     | Found a staircase to the Depths.
 30722 | Orc:1    | Entered Level 1 of the Orcish Mines
 30722 | Orc:1    | Noticed an orc warlord
 30839 | D:9      | Killed an orc warlord
 31201 | Orc:1    | Found Anieng's Magic Scroll Boutique.
 31209 | Orc:1    | Bought a scroll of teleportation for 48 gold pieces
 31209 | Orc:1    | Bought a scroll of teleportation for 48 gold pieces
 31385 | Orc:1    | Found Busaycwe's Mass Market.
 31493 | Orc:1    | Found Oschotik's Armour Shop.
 31763 | Orc:1    | Reached XP level 16. HP: 109/123 MP: 31/31
 31839 | Orc:2    | Entered Level 2 of the Orcish Mines
 31927 | Orc:2    | Found Mesuprer's Specific Store.
 31929 | Orc:2    | Found Onafej's General Store.
 32410 | Orc:2    | Found Johill's Distillery.
 32410 | Orc:2    | Found Maahuxy's General Store.
 32419 | Orc:2    | Found Emybosh's Jewellery Boutique.
 32421 | Orc:2    | Found Cehokk's General Store.
 32544 | Orc:2    | Bought a potion of heal wounds for 75 gold pieces
 32544 | Orc:2    | Bought a potion of magic for 120 gold pieces
 32847 | Orc:2    | Found a staircase to the Elven Halls.
 33301 | D:14     | Bought the +3 Elemental Staff {rElec rF++ rC++ AC+5} for
                  | 2681 gold pieces
 33301 | D:14     | Found the +3 Elemental Staff {rElec rF++ rC++ AC+5}
 33527 | Depths:1 | Entered Level 1 of the Depths
 34456 | D:15     | Upgraded the game from 0.29-a0-515-g7c1fb6cc08 to
                  | 0.29-a0-520-gc852659d43
 34598 | Shoals:1 | Entered Level 1 of the Shoals
 34791 | Shoals:1 | Gained mutation: You are clumsy. (Dex -2) [potion of
                  | mutation]
 34791 | Shoals:1 | Gained mutation: Your muscles are strong. (Str +2) [potion
                  | of mutation]
 34792 | Shoals:1 | Lost mutation: You are clumsy. (Dex -2) [potion of
                  | mutation]
 34792 | Shoals:1 | Lost mutation: Your muscles are strong. (Str +2) [potion of
                  | mutation]
 34792 | Shoals:1 | Gained mutation: You have a somewhat thin skeletal
                  | structure. (Dex +2, Stealth+) [potion of mutation]
 34792 | Shoals:1 | Gained mutation: You are partially covered in large bone
                  | plates. (SH +4) [potion of mutation]
 34843 | Shoals:1 | Noticed Frances
 34855 | Shoals:1 | Killed Frances
 34859 | Shoals:1 | Reached skill level 15 in Invocations
 36012 | Shoals:3 | Found Jaagyluy's Assorted Antiques.
 36033 | Shoals:3 | Bought a scroll labelled MUGUXT PANTE for 46 gold pieces
 36033 | Shoals:3 | Bought a scroll labelled DAOWOCK POAXARIJEL for 46 gold
                  | pieces
 37435 | Shoals:3 | Reached XP level 17. HP: 131/131 MP: 25/33
 37764 | Shoals:4 | Entered Level 4 of the Shoals
 38217 | Shoals:3 | Noticed a kraken
 38277 | Shoals:3 | Killed a kraken
 38852 | Shoals:4 | Reached skill level 10 in Conjurations
 39137 | Shoals:4 | Reached skill level 16 in Invocations
 39193 | Shoals:4 | Identified the ring "Roishiff" {Wiz Drain Fly rPois Int+3}
 39528 | Shoals:4 | Got a barnacled rune of Zot
 40482 | Spider:1 | Entered Level 1 of the Spider Nest
 40511 | Spider:1 | Reached skill level 10 in Hexes
 40511 | Spider:1 | Reached skill level 10 in Summonings
 40511 | Spider:1 | Reached skill level 10 in Necromancy
 40511 | Spider:1 | Reached skill level 10 in Translocations
 40511 | Spider:1 | Reached skill level 10 in Transmutations
 40511 | Spider:1 | Reached skill level 10 in Ice Magic
 40511 | Spider:1 | Reached skill level 10 in Air Magic
 40511 | Spider:1 | Reached skill level 10 in Earth Magic
 40511 | Spider:1 | Reached skill level 10 in Poison Magic
 40962 | Spider:1 | Learned a level 6 spell: Iron Shot
 41743 | Spider:3 | Learned a level 2 spell: Blink
 42167 | Spider:2 | Reached XP level 18. HP: 138/140 MP: 35/35
 42744 | Spider:3 | Identified the +2 trident of the Ninety-Nine Nights {vamp,
                  | *Slow rElec rF+}
 42951 | Spider:3 | Reached skill level 17 in Invocations
 43053 | Spider:4 | Entered Level 4 of the Spider Nest
 43327 | Spider:3 | Noticed Azrael
 43342 | Spider:3 | Killed Azrael
 43751 | Spider:3 | Identified the +2 pair of gloves "Edoc" {Str+4}
 45638 | Spider:4 | Got a gossamer rune of Zot
 46236 | Vaults:1 | Entered Level 1 of the Vaults
 46643 | Vaults:1 | Reached XP level 19. HP: 138/148 MP: 36/36
 46722 | Vaults:1 | Reached skill level 18 in Invocations
 46984 | Vaults:1 | Noticed Zenata
 46996 | Vaults:1 | Killed Zenata
 49170 | Vaults:1 | Noticed Donald
 49178 | Vaults:1 | Killed Donald
 49549 | Vaults:2 | Demolished by a vault warden

Illustrated notes

Levels and vault maps discovered:
D:1:      roderic_crossed_star, layout_basic,
          hellmonk_ecumenical_altar_dog_temple
D:2:      layout_basic, serial_undead, serial_undead_d, serial_undead_a,
          serial_undead_e, serial_undead_c, uniq_jessica,
          uniq_crazy_yiuf_cottage
D:3:      layout_loops_ring, amethyst_overflow_temple_binary, minmay_puff
D:4:      layout_loops_ring, serial_aquarium, aquarium_bridge_straight
          [aquarium_subvault_bridge, aquarium_subvault_window,
          aquarium_subvault_bridge, aquarium_subvault_wall],
          aquarium_bridge_straight [aquarium_subvault_bridge,
          aquarium_subvault_window, aquarium_subvault_bridge,
          aquarium_subvault_window], aquarium_window_fake, aquarium_window_1,
          aquarium_window_double, aquarium_view_2g, aquarium_view_2e,
          aquarium_balcony_double_4, aquarium_pool_split
D:5:      layout_cave_pools
D:6:      layout_rooms, minmay_temple_entry_antechambers, uniq_menkaure,
          uniq_pikel, uniq_eustachio
D:7:      layout_loops_corners, vehumet_statue, xom_butterflies,
          nicolae_stop_n_shop_1
D:8:      layout_loops_ring, nicolae_sif_muna_little_library, zin_scriptorium,
          enter_ossuary_1, minmay_manual_moon, uniq_gastronok
D:9:      layout_cave_pods, orc_0_dummy, grunt_ministairs_11, minivault_11,
          hangedman_ranch
D:10:     layout_irregular_city, grunt_dithmenos_shadows,
          grunt_ashenzari_visionary [grunt_ashenzari_visionary_shoals,
          grunt_ashenzari_visionary_spider], nzn_makhleb_speed_demon
D:11:     layout_small_grid, due_lair_maze_entry_diamond
D:12:     layout_rooms, lemuel_freeze_loot_1
D:13:     layout_roguey, trove_entry_hex_spiral, minmay_bent
D:14:     layout_roguey, david_vaults_5, serial_shops,
          nicolae_shop_overgrown_old_shop, nicolae_shop_window_shopping,
          shop_coins, nicolae_stop_n_shop_1, ebering_ghost_reflecting_pool,
          chequers_garden
D:15:     grunt_enter_depths_hoard, layout_long_grid,
          nicolae_ashenzari_skybound, uniq_agnes
Temple:   cyrus_circular_temple
Lair:1:   layout_gridlike, infiniplex_staircase_pool
Lair:2:   layout_small_grid, nicolae_spider_entry_non_spiders,
          gammafunk_ghost_grave, st_stairs_9, lemuel_fruit_fields
Lair:3:   layout_regular_city, infiniplex_staircase_pool_2, grunt_megastairs_1
Lair:4:   layout_roguey, minmay_shoals_entry_beasts, dpeg_oklob_1
Lair:5:   layout_concentric_octagons, slime_altar_2, wad_woods_road_04,
          grunt_megastairs_2
Lair:6:   evilmike_catoblepas_cave, layout_small_grid,
          chequers_serial_rivers_room_a, uniq_josephine
Shoals:1: layout_shoals, nicolae_shoals_lost_giant_temple, uniq_frances
Shoals:2: layout_shoals
Shoals:3: cheibrodos_shoals_roost, layout_shoals, serial_shops,
          nicolae_shop_hallway_stairs
Shoals:4: shoals_end_simple, layout_shoals
Spider:1: layout_spider_delve
Spider:2: layout_spider_delve
Spider:3: layout_spider_delve, uniq_azrael
Spider:4: floodkiller_spider_rune_tomb
Orc:1:    layout_diamond_mine, special_room [special_room_bee], serial_shops,
          nicolae_shop_statue_plus, shop, abandoned_shop, minmay_shop_mass,
          kennysheep_orc_chapel
Orc:2:    st_orc_rangers, layout_diamond_mine, nicolae_specific_store
Vaults:1: vaults_dpeg_diagonal, hangedman_vaults_unwind, vaults_room_grid,
          nicolae_vaults_quadrants, v_alt_pattern_5,
          nicolae_vaults_border_crossing, v_misc_1, vaults_room_grid,
          vaults_dpeg_encased_lava, nicolae_vaults_little_squares_2,
          layout_vaults_omnigrid, uniq_donald, uniq_zenata
Vaults:2: nicolae_vaults_little_squares_1, v_rooms_5, vaults_room_ringed_pool,
          v_misc_3, v_misc_18, v_misc_17, nicolae_vaults_stairing_the_circle,
          hangedman_vaults_slice, hangedman_vaults_nails,
          ontoclasm_vaults_hangar, grunt_vaults_hallway_long,
          layout_vaults_big_room
Depths:1: layout_cave_pools, serial_glass, glass_columns_a, glass_columns_a,
          grunt_mini_vestibule, kennysheep_big_empty_room,
          chequers_serial_rivers_marsh, kiku_gazebo_garden_becter

Skill      XL: |  1  2  3  4  5  6  7  8  9 10 11 12 13 14 15 16 17 18 19 |
---------------+----------------------------------------------------------+-----
Conjurations   | 2 3 4 5 6 7 8 9 10 11 | 11.4
Spellcasting   | 5 6 7 8 9 10 11 12 13 14 | 14.0
Invocations    | 1 2 3 4 5 6 7 9 11 13 14 15 16 17 18 | 18.5
Fighting       | 1 2 3 4 5 6 7 8 9 10 11 12 13 | 13.2
Short Blades   | 1 2 3 4 5 6 7 8 9 10 11 12 13 | 13.2
Long Blades    | 1 2 3 4 5 6 7 8 9 10 11 12 13 | 13.2
Axes           | 1 2 3 4 5 6 7 8 9 10 11 12 13 | 13.2
Maces & Flails | 1 2 3 4 5 6 7 8 9 10 11 12 13 | 13.2
Polearms       | 1 2 3 4 5 6 7 8 9 10 11 12 13 | 13.2
Staves         | 1 2 3 4 5 6 7 8 9 10 11 12 13 | 13.2
Slings         | 1 2 3 4 5 6 7 8 9 10 11 12 13 | 13.2
Bows           | 1 2 3 4 5 6 7 8 9 10 11 12 13 | 13.2
Crossbows      | 1 2 3 4 5 6 7 8 9 10 11 12 13 | 13.2
Throwing       | 1 2 3 4 5 6 7 8 9 10 11 12 13 | 13.2
Armour         | 1 2 3 4 5 6 7 8 9 10 11 12 13 | 13.2
Shields        | 1 2 3 4 5 6 7 8 9 10 11 12 13 | 13.2
Unarmed Combat | 1 2 3 4 5 6 7 8 9 10 11 12 13 | 13.2
Evocations     | 1 2 3 4 5 6 7 8 9 10 11 12 13 | 13.2
Hexes          | 1 2 3 4 5 6 7 8 9 10 11 | 11.2
Summonings     | 1 2 3 4 5 6 7 8 9 10 11 | 11.2
Necromancy     | 1 2 3 4 5 6 7 8 9 10 11 | 11.2
Translocations | 1 2 3 4 5 6 7 8 9 10 11 | 11.2
Transmutations | 1 2 3 4 5 6 7 8 9 10 11 | 11.2
Ice Magic      | 1 2 3 4 5 6 7 8 9 10 11 | 11.2
Air Magic      | 1 2 3 4 5 6 7 8 9 10 11 | 11.2
Earth Magic    | 1 2 3 4 5 6 7 8 9 10 11 | 11.2
Poison Magic   | 1 2 3 4 5 6 7 8 9 10 11 | 11.2
Dodging        | 5 6 7 8 9 10 11 12 13 | 13.9
Stealth        | 5 6 7 8 9 10 11 12 13 | 13.8
Fire Magic     | 6 7 8 9 10 11 12 | 12.4

Action                   |  1- 3 |  4- 6 |  7- 9 | 10-12 | 13-15 | 16-18 | 19-21 || total
-------------------------+-------+-------+-------+-------+-------+-------+-------++-------
Melee: Trident           |    11 |    38 |     1 |       |       |       |       ||    50
       Bite              |       |     7 |     6 |    30 |   152 |   201 |    59 ||   455
       Rapier            |       |       |    74 |   182 |       |       |       ||   256
       Staff             |       |       |       |    42 |   931 |  1167 |   234 ||  2374
 Cast: Foxfire           |    71 |    47 |    17 |    37 |    39 |    58 |     5 ||   274
       Scorch            |       |    49 |    44 |     6 |     2 |    11 |       ||   112
       Flame Wave        |       |       |    11 |    26 |    10 |     2 |       ||    49
       Stone Arrow       |       |       |    22 |    71 |    74 |    70 |       ||   237
       Irradiate         |       |       |       |       |    26 |    40 |    10 ||    76
       Iron Shot         |       |       |       |       |       |    47 |    16 ||    63
       Passwall          |       |       |       |       |       |    11 |       ||    11
Invok: Slouch            |       |       |       |     1 |       |     3 |     4 ||     8
       Temporal Distorti |       |       |       |       |     1 |       |       ||     1
 Abil: Evoke the Staff o |       |       |       |       |     6 |    35 |    11 ||    52
Evoke: Wand              |       |       |       |       |     2 |    22 |     2 ||    26
  Use: Scroll            |     2 |     8 |    10 |    11 |     4 |     6 |     1 ||    42
       Potion            |       |     1 |     2 |     4 |     3 |     6 |     2 ||    18
 Stab: Sleeping          |     1 |       |     2 |    20 |    25 |    20 |     4 ||    72
       Distracted        |       |       |       |     1 |     3 |     1 |       ||     5
Armor: Robe              |     3 |     9 |     1 |       |       |       |       ||    13
       Leather armour    |       |       |    35 |    54 |   149 |    20 |       ||   258
       Fire dragon scale |       |       |       |       |       |   300 |    66 ||   366
Dodge: Dodged            |    19 |    61 |   107 |   238 |   767 |  1078 |   154 ||  2424
       Repelled          |       |       |       |       |       |       |     2 ||     2
Block: Buckler           |       |       |    25 |   128 |   458 |   986 |   177 ||  1774

Table legend: (Time is in decaauts)
 A = Elapsed time spent in this place.
 B = Non-inter-level travel time spent in this place.
 C = Inter-level travel time spent in this place.
 D = Time resting spent in this place.
 E = Time spent auto-exploring this place.
 F = Levels seen in this place.
 G = Mean time per level.
                   A        B        C        D        E       F      G
               +--------+--------+--------+--------+--------+-----+--------+
         Total |  66108 |  62421 |   3687 |  13499 |  37553 |  36 | 1836.3 |
       Dungeon |  27986 |  25796 |   2190 |   5263 |  16793 |  15 | 1865.7 |
        Temple |     11 |     11 |      0 |      0 |      0 |   1 |   11.0 |
          Lair |  14024 |  13141 |    883 |   2110 |   9042 |   6 | 2337.3 |
        Shoals |   8348 |   8056 |    292 |   2205 |   4004 |   4 | 2087.0 |
   Spider Nest |   7539 |   7327 |    212 |   1871 |   3481 |   4 | 1884.8 |
  Orcish Mines |   3290 |   3191 |     99 |    303 |   1935 |   2 | 1645.0 |
        Vaults |   4240 |   4232 |      8 |   1603 |   2011 |   2 | 2120.0 |
        Depths |      9 |      9 |      0 |      0 |      0 |   1 |    9.0 |
       Ossuary |    658 |    658 |      0 |    143 |    286 |   1 |  658.0 |
               +--------+--------+--------+--------+--------+-----+--------+

Top non-repeatable levels by time:
Vaults:1: 4038 daAuts
    D:15: 3531 daAuts
  Lair:2: 3142 daAuts
     D:9: 3020 daAuts
  Lair:6: 2794 daAuts
Shoals:4: 2690 daAuts
Spider:4: 2550 daAuts
    D:14: 2458 daAuts
  Lair:3: 2442 daAuts
    D:13: 2425 daAuts
Spider:3: 2292 daAuts
  Lair:4: 2120 daAuts
Shoals:2: 2063 daAuts
     D:4: 2060 daAuts
Shoals:1: 1958 daAuts
